 Dungeon Crawl Stone Soup version 0.31-a0-940-gdaa99269f9 (webtiles) character file.

Game seed: 3759266998483061553

454 Elsrick the Grave Robber (level 6, -8/32 HPs)
             Began as a Deep Elf Necromancer on Oct 20, 2023.
             Was an Initiate of Sif Muna.
             Mangled by an orc warrior
             ... wielding a +0 flail
              (16 damage)
             ... on level 6 of the Dungeon.
             The game lasted 00:18:59 (3107 turns).

Elsrick the Grave Robber (Deep Elf Necromancer)     Turns: 3107, Time: 00:19:00

Health: -8/32      AC:  2    Str:  5    XL:     6   Next: 76%
Magic:  17/17      EV: 13    Int: 22    God:    Sif Muna [......]
Gold:   269        SH:  0    Dex: 15    Spells: 12/18 levels left

rFire   . . .        (no weapon)
rCold   . . .        (no shield)
rNeg    . . .        a - +0 robe
rPois   .            (no helmet)
rElec   .            (no cloak)
rCorr   .            (no gloves)
SInv    .            (no boots)
Will    .....        (no amulet)
Stlth   ++           (no ring)
HPRegen 0.25/turn    (no ring)
MPRegen 0.15/turn

%: no passive effects
@: no status effects
A: no striking features
a: Renounce Religion


You were on level 6 of the Dungeon.
You worshipped Sif Muna.
Sif Muna was noncommittal.
You visited 2 branches of the dungeon, and saw 7 of its levels.

You collected 269 gold pieces.

Inventory:

Armour
 a - a +0 robe (worn)
 h - an orb of guile
Wands
 j - a wand of polymorph (8)
Scrolls
 c - 5 scrolls of identify {unknown}
 d - a scroll of fear {unknown}
 f - a scroll of revelation {unknown}
 i - 2 scrolls of silence {unknown}
 k - 2 scrolls of teleportation {unknown}
 l - 2 scrolls of poison {unknown}
 m - a scroll of noise {unknown}
 n - a scroll of torment {unknown}
 p - a scroll of enchant weapon {unknown}
 q - a scroll of butterflies {unknown}
Potions
 b - a potion of magic
 e - 2 potions of berserk rage {unknown}
 g - 3 potions of lignification {unknown}
 o - a potion of brilliance {unknown}
 r - a potion of resistance {unknown}
 s - 2 potions of haste {unknown}


   Skills:
 + Level 0.2 Fighting
 + Level 3.3 Dodging
 + Level 2.9 Stealth
 + Level 0.1 Unarmed Combat
 + Level 6.6 Spellcasting
 + Level 0.1 Conjurations
 + Level 7.5 Necromancy


You had 12 spell levels left.
You knew the following spells:

 Your Spells              Type           Power      Damage    Failure   Level
a - Necrotise             Necr           100%       1d9       1%          1
b - Vampiric Draining     Necr           40%        2d8       1%          3
c - Static Discharge      Conj/Air       14%        3-4/arc   12%         2

Your spell library contained the following spells:

 Spells                   Type           Power      Damage    Failure   Level
 Animate Dead             Necr           40%        N/A       3%          4
 Agony                    Necr           40%        N/A       11%         5
 Call Canine Familiar     Summ           7%         N/A       26%         3
 Inner Flame              Hex/Fire       7%         N/A       26%         3
 Sigil of Binding         Hex            7%         N/A       26%         3
 Airstrike                Air            3%         2d(1-17)  63%         4
 Summon Lightning Spire   Summ/Air       7%         N/A       63%         4
 Dimensional Bullseye     Hex/Tloc       3%         N/A       65%         4
 Leda's Liquefaction      Hex/Erth       3%         N/A       65%         4
 Yara's Violent Unravell  Hex/Tmut       3%         3d4       94%         5
 Enfeeble                 Hex            3%         N/A       100%        7


Dungeon Overview and Level Annotations

Branches:
Dungeon (7/15)             Temple (1/1) D:6

Altars:
Ashenzari
Cheibriados
Dithmenos
Elyvilon
Fedhas
Gozag
Hepliaklqana
Kikubaaqudgha
Makhleb
Nemelex Xobeh
Okawaru
Qazlal
Sif Muna
Trog
Uskayaw
Vehumet
Wu Jian
Xom
Yredelemnul
The Shining One

Annotations:
D:2 Sigmund
D:7 2 transporters, MrSquiggles's ghost, novice MiFi


Message History

The sleepcap is heavily damaged.
The orc is struck by an arc of lightning.
You kill the orc!
Sif Muna accepts your kill.
The lightning grounds out.
The sleepcap misses you.
Unknown command.
Casting: Static Discharge (safe; 13% risk of failure)
Confirm with . or Enter, or press ? or * to list all spells.
Aiming: Vampiric Draining (safe; 1% risk of failure)
Press: ? - help, Shift-Dir - straight line, f - sleepcap
Aim: a sleepcap (heavily damaged)
You draw life force from the sleepcap!
You feel life coursing into your body.
The sleepcap releases spores at you but does no damage.
Casting: Vampiric Draining (safe; 1% risk of failure)
Confirm with . or Enter, or press ? or * to list all spells.
Aiming: Necrotise (safe; 1% risk of failure)
Press: ? - help, Shift-Dir - straight line, f/p - sleepcap
Aim: a sleepcap (almost destroyed, chance to affect: 88%)
The sleepcap writhes in agony!
You destroy the sleepcap!
Sif Muna accepts your kill.
You start resting.
HP restored.
You see here a +0 flail.
You see here a +0 morningstar.
There is a stone staircase leading up here.
You start resting.
Magic restored.
You climb upwards.
The orc priest invokes the aid of Beogh against you.
Beogh smites you!
Ouch! That really hurt!
The orc hits you with a +0 hand axe. The orc hits you with a +0 short sword.
The orc warrior barely misses you.
There is a stone staircase leading down, spattered with blood here.
The orc closely misses you. The orc hits you with a +0 short sword.
* * * LOW HITPOINT WARNING * * *
The orc warrior hits you with a +0 flail!
Ouch! That really hurt!
You die...

....# ##.......
.....##........
...............
...............
.............
...........
......o..###... #.
#....@....... .
....###..o.o......
##.#......##.##.........
...#...................#
#....#.##......o...##..#
..##....#..............#
#......##..............#
..#............>.....#
#.#..................#


You could see an orc warrior, an orc priest and 2 orcs.

Vanquished Creatures
  A water moccasin (D:3)
  A jelly (D:4)
  An orc priest (D:4)
  A sleepcap (D:7)
  Jessica (D:2)
  An orc wizard (D:3)
  Terence (D:2)
  An iguana (D:7)
  3 adders (D:3)
  2 shadow imps (D:7)
  A worm (D:2)
  A dart slug (D:2)
  10 orcs
  5 endoplasms
  3 goblins
  7 hobgoblins
  5 jackals
  5 kobolds
  5 quokkas
  4 ball pythons
  14 bats
  3 rats
76 creatures vanquished.

Vanquished Creatures (collateral kills)
  An adder (D:4)
  An orc (D:4)
  2 endoplasms
  A giant cockroach (D:3)
  2 goblins (D:1)
  2 hobgoblins (D:2)
  3 ball pythons (D:1)
  2 bats (D:1)
  A frilled lizard (D:1)
  A rat (D:1)
16 creatures vanquished.

Grand Total: 92 creatures vanquished

Notes
Turn   | Place    | Note
-------+----------+-------------------------------------------
     0 | D:1      | Elsrick the Deep Elf Necromancer began the quest for the
                  | Orb.
     0 | D:1      | Reached XP level 1. HP: 10/10 MP: 6/6
    24 | D:1      | Reached skill level 5 in Necromancy
    35 | D:1      | Reached XP level 2. HP: 15/15 MP: 4/8
   394 | D:1      | Found a faded altar of an unknown god.
   396 | D:1      | Reached XP level 3. HP: 19/19 MP: 7/9
   510 | D:1      | Learned a level 3 spell: Vampiric Draining
   749 | D:2      | Noticed Jessica
   754 | D:2      | Killed Jessica
   755 | D:2      | Reached skill level 6 in Necromancy
   755 | D:2      | Reached XP level 4. HP: 19/24 MP: 4/12
  1016 | D:2      | Noticed Terence
  1033 | D:2      | Killed Terence
  1329 | D:2      | Noticed Sigmund
  1359 | D:3      | Noticed a water moccasin
  1365 | D:3      | Killed a water moccasin
  1366 | D:3      | Reached skill level 5 in Spellcasting
  1366 | D:3      | Reached skill level 7 in Necromancy
  1366 | D:3      | Reached XP level 5. HP: 24/28 MP: 3/14
  1762 | D:3      | Reached XP level 6. HP: 32/32 MP: 13/16
  2232 | D:3      | Learned a level 2 spell: Static Discharge
  2304 | D:3      | You fall into a shaft and drop 3 floors!
  2304 | D:6      | Found a staircase to the Ecumenical Temple.
  2394 | Temple   | Entered the Ecumenical Temple
  2418 | Temple   | Became a worshipper of Sif Muna the Loreminder
  2445 | D:6      | Noticed an orc warrior
  2660 | D:7      | Noticed an ice beast
  2775 | D:6      | Noticed an orc warrior
  2942 | D:7      | Found a transporter.
  2943 | D:7      | Noticed MrSquiggles's ghost (novice MiFi)
  2946 | D:7      | Identified the +6 giant spiked club of the People {freeze,
                  | rN+ Dex+3 Stlth+}
  2946 | D:7      | Noticed a two-headed ogre
  2962 | D:7      | Noticed a steam dragon
  3002 | D:7      | Found a transporter.
  3107 | D:6      | Mangled by an orc warrior

Illustrated notes

Levels and vault maps discovered:
D:1:      lightli_arrival_boilingwater, layout_rooms, basic_ecumenical_altar
D:2:      layout_basic, minmay_tetromino_t2, uniq_terence, uniq_sigmund,
          uniq_jessica
D:3:      layout_basic, minmay_tree_intersection
D:4:      layout_gridville, uniq_crazy_yiuf_cottage, uniq_pikel
D:6:      layout_cave_pools, minmay_temple_entry_ruins, serial_gnoll_camp,
          gnoll_camp_mini_hut, grums_kennel, gnoll_camp_mini_house,
          gnoll_camp_mini_house, gnoll_camp_mini_sergeant,
          dreamdust_princess_bridge, uniq_grinder
D:7:      layout_layer_cave, gammafunk_ghost_smash
Temple:   mainiacjoe_temple_cubbyholes

Skill      XL: |  1  2  3  4  5  6 |
---------------+-------------------+-----
Necromancy     | 5 6 7 |  7.5
Spellcasting   | 4 5 6 |  6.6
Dodging        | 3 |  3.3
Fighting       | |  0.2
Stealth        | |  2.9
Unarmed Combat | |  0.1
Conjurations   | |  0.1

Action                     |  1- 3 |  4- 6 || total
---------------------------+-------+-------++-------
  Melee: Unarmed           |     4 |    19 ||    23
   Cast: Necrotise         |    45 |    70 ||   115
         Vampiric Draining |     2 |    14 ||    16
         Static Discharge  |       |     8 ||     8
 Armour: Robe              |    14 |    59 ||    73
  Dodge: Dodged            |    23 |    60 ||    83

Table legend: (Time is in decaauts)
 A = Elapsed time spent in this place.
 B = Non-inter-level travel time spent in this place.
 C = Inter-level travel time spent in this place.
 D = Time resting spent in this place.
 E = Time spent auto-exploring this place.
 F = Levels seen in this place.
 G = Mean time per level.
                   A        B        C        D        E       F      G
               +--------+--------+--------+--------+--------+-----+--------+
         Total |   3114 |   2979 |    135 |    850 |    798 |   7 |  444.9 |
       Dungeon |   3071 |   2936 |    135 |    850 |    798 |   6 |  511.8 |
        Temple |     42 |     42 |      0 |      0 |      0 |   1 |   42.0 |
               +--------+--------+--------+--------+--------+-----+--------+

Top non-repeatable levels by time:
     D:3: 800 daAuts
     D:1: 697 daAuts
     D:2: 660 daAuts
     D:7: 629 daAuts
     D:4: 149 daAuts
     D:6: 134 daAuts
  Temple: 42 daAuts
